 Dungeon Crawl Stone Soup version 0.19-a0-1025-g778f431 (webtiles) character file.

705 mrath the Digger (level 7, -3/36 HPs)
             Began as a Gargoyle Earth Elementalist on July 28, 2016.
             Was an Initiate of Vehumet.
             Shot with an arrow by a centaur (4 damage)
             ... on level 5 of the Dungeon.
             The game lasted 00:34:37 (5628 turns).

mrath the Digger (Gargoyle Earth Elementalist)      Turns: 5628, Time: 00:34:38

Health: -3/36      AC: 15    Str: 12    XL:     7   Next: 67%
Magic:  22/25      EV: 12    Int: 17    God:    Vehumet [......]
Gold:   148        SH:  0    Dex: 10    Spells: 3 memorised, 9 levels left

rFire  . . .     SeeInvis +     y - +0 trident (protect)
rCold  . . .     Gourm    .     c - +0 robe
rNeg   + . .     Faith    .     (no shield)
rPois  ∞         Spirit   .     U - +1 helmet
rElec  +         Dismiss  .     I - +0 cloak
rCorr  .         Reflect  .     x - +0 pair of gloves
SustAt .         Harm     .     (no boots)
MR     .....                    (no amulet)
Stlth  ++........               w - ring of magical power
                                C - ring of see invisible

@: not resistant to hostile enchantments, unstealthy
A: negative energy resistance 1, electricity resistance, unbreathing,
petrification resistance, rot immunity, AC +4
a: Renounce Religion


You were on level 5 of the Dungeon.
You worshipped Vehumet.
Vehumet was noncommittal.
You were not hungry.

You visited 2 branches of the dungeon, and saw 6 of its levels.

You collected 187 gold pieces.
You spent 39 gold pieces at shops.

Inventory:

Hand Weapons
 m - a +0 mace
 p - a +0 hunting sling
 y - a +0 trident of protection (weapon)
 z - a +0 hand axe of electrocution
 F - a +0 morningstar
Missiles
 b - 170 stones
 l - 25 sling bullets
 u - 8 tomahawks
 J - a throwing net
 K - 7 javelins of returning (quivered)
 L - 3 tomahawks of returning
Armour
 c - a +0 robe (worn)
 s - a +0 shield
 x - a +0 pair of gloves (worn)
 I - a +0 cloak (worn)
 U - a +1 helmet (worn)
Jewellery
 r - a +3 ring of strength
 w - a ring of magical power (right hand)
 C - a ring of see invisible (left hand)
 G - an uncursed ring of stealth {unknown}
 P - an uncursed ring of sustain attributes {unknown}
 R - an uncursed ring of stealth {unknown}
 V - a cursed ring of loudness {unknown}
Wands
 v - a wand of random effects (30/48)
 O - a wand of slowing (29/48)
Scrolls
 f - 2 scrolls of identify
 h - 2 scrolls of blinking {unknown}
 i - 2 scrolls of enchant armour {unknown}
 k - 4 scrolls of remove curse {unknown}
 t - 2 scrolls of noise {unknown}
 D - a scroll of fear {unknown}
 M - a scroll of teleportation {unknown}
 T - a scroll of amnesia {unknown}
Potions
 a - 2 potions of cancellation
 j - a potion of degeneration {unknown}
 n - 5 potions of curing
 q - a potion of brilliance {unknown}
 A - a potion of heal wounds {unknown}
 E - 2 potions of berserk rage {unknown}
 N - a potion of ambrosia {unknown}
 Q - 2 potions of resistance {unknown}
 S - a potion of flight {unknown}
 W - a potion of agility {unknown}
Books
 e - a book of Geomancy

   Spells                             Type                      Level
   a - Sandblast                      Earth                        1
   b - Passwall                       Transmutation/Earth          2
   c - Stone Arrow                    Conjuration/Earth            3
   d - Petrify                        Transmutation/Earth          4
   e - Lee's Rapid Deconstruction     Earth                        5
Comestibles
 d - 3 bread rations
 o - 2 fruits
 B - 2 meat rations
 H - a beef jerky


   Skills:
 - Level 1.5 Dodging
 - Level 2.1 Stealth
 * Level 6.0 Spellcasting
 + Level 3.2 Conjurations
   Level 0.7 Transmutations
 + Level 6.2 Earth Magic


You had 9 spell levels left.
You knew the following spells:

 Your Spells              Type           Power        Failure   Level  Hunger
a - Sandblast             Erth           ####..       1%          1    None
b - Stone Arrow           Conj/Erth      ###...       8%          3    ##.....
c - Lee's Rapid Deconstr  Erth           ####......   30%         5    #####..


Dungeon Overview and Level Annotations

Branches:
Dungeon (5/15)             Temple (1/1) D:4

Altars:
Ashenzari
Cheibriados
Elyvilon
Fedhas
Gozag
Hepliaklqana
Kikubaaqudgha
Makhleb
Nemelex Xobeh
Okawaru
Pakellas
Qazlal
Sif Muna
Trog
Vehumet
Yredelemnul
Zin

Shops:
D:4 (%!

Annotations:
D:4 Shenda's ghost, amateur DsGl


Innate Abilities, Weirdness & Mutations

You are resistant to torment.
Your stone body is resilient. (AC +4)
You are immune to poison.
You resist negative energy. (rN+)
You are resistant to electric shocks. (rElec)
You can survive without breathing.
You are immune to petrification.
You are immune to rotting.


Message History

A centaur comes into view.
The centaur shouts!
The centaur wields a runed shortbow.
The centaur shoots an arrow.
The arrow hits you!
There is an open door here.
You see here an arrow.
The centaur shoots an arrow.
The arrow hits you!
The centaur shoots an arrow.
The arrow hits you!
* * * LOW HITPOINT WARNING * * *
x2 You see here 2 arrows.
The centaur shoots an arrow.
The arrow closely misses you.
Casting: Sandblast
Confirm with . or Enter, or press ? or * to list all spells.
Aiming: Stone Arrow
Press: ? - help, Shift-Dir - straight line, f - centaur
Aim: a centaur, wielding a shortbow of velocity The stone arrow hits the centaur.
The centaur is moderately wounded.
The centaur shoots an arrow.
The arrow hits you.
You die...

###########.............
........................
........................
........................
........................
........................
#######(###.............
#......(.c#.............
#......@..#.............
..........#.............
.....##...#.............
#.(.. #...#.............
#### #...#.............
....#.............
....#.............
....#......##'####
####+#######....^.#.....#


You could see a centaur.

Vanquished Creatures
  Grinder (D:5)
  An ogre (D:4)
  Blork the orc (D:4)
  An orc priest (D:3)
  An orc wizard (D:3)
  A hound (D:4)
  A giant frog skeleton (D:4)
  An iguana (D:4)
  9 adders
  4 dart slugs
  A giant gecko (D:2)
  19 orcs
  5 giant cockroaches
  11 goblins
  7 hobgoblins
  11 jackals
  6 kobolds
  5 quokkas
  2 ball pythons
  8 bats
  3 giant newts
  8 rats
107 creatures vanquished.

Notes
Turn   | Place    | Note
-------+----------+-------------------------------------------
     0 | D:1      | mrath the Gargoyle Earth Elementalist began the quest for the Orb.
     0 | D:1      | Reached XP level 1. HP: 10/10 MP: 3/3
   337 | D:1      | Reached XP level 2. HP: 15/15 MP: 3/5
   808 | D:1      | Reached XP level 3. HP: 17/19 MP: 0/7
   813 | D:1      | Learned a level 3 spell: Stone Arrow
  1659 | D:3      | Reached XP level 4. HP: 24/24 MP: 9/9
  2117 | D:3      | Reached XP level 5. HP: 20/28 MP: 6/10
  2869 | D:3      | Reached skill level 5 in Earth Magic
  2914 | D:3      | Reached skill level 1 in Conjurations
  3311 | D:4      | Reached XP level 6. HP: 32/32 MP: 12/12
  3454 | D:4      | Learned a level 5 spell: Lee's Rapid Deconstruction
  3493 | D:4      | Found a staircase to the Ecumenical Temple.
  3497 | D:4      | Noticed Shenda's ghost (amateur DsGl)
  3640 | Temple   | Entered the Ecumenical Temple
  3666 | Temple   | Became a worshipper of Vehumet
  3940 | D:4      | Found Tod Log's Antique Weapon Shoppe.
  4073 | D:4      | Found Xegrabur's Food Boutique.
  4102 | D:4      | Found Jabri's Distillery.
  4135 | D:4      | Bought a potion of curing for 39 gold pieces
  4257 | D:4      | Noticed Blork the orc
  4272 | D:4      | Killed Blork the orc
  4359 | D:4      | Reached skill level 5 in Spellcasting
  4681 | D:4      | Reached XP level 7. HP: 36/36 MP: 15/15
  5179 | D:5      | Entered Level 5 of the Dungeon
  5396 | D:5      | Noticed Grinder
  5401 | D:5      | Paralysed by Grinder for 2 turns
  5407 | D:5      | Killed Grinder
  5626 | D:5      | HP: 1/36 [centaur/arrow (1)]
  5628 | D:5      | Shot with an arrow by a centaur

Vault maps used:
D:1:      dpeg_arrival_rooms_with_view
D:2:      minmay_misc_feat_chi
D:3:      serial_bayou_crossing
D:4:      serial_shops, nicolae_shop_stone, nicolae_shop_stone, shop_statue,
          roderic_roman_lattice, serial_bayou_pond_a, uniq_blork_the_orc
D:5:      first_bread, uniq_grinder
Temple:   minmay_crystal_spiral_temple

Skill      XL: |  1  2  3  4  5  6  7 |
---------------+----------------------+-----
Earth Magic    | 4 5 6 |  6.2
Spellcasting   | 3 4 5 6 |  6.0
Conjurations   | 1 2 3 |  3.2
Dodging        | |  1.5
Stealth        | |  2.1
Transmutations | |  0.7

Action                   |  1- 3 |  4- 6 |  7- 9 || total
-------------------------+-------+-------+-------++-------
Melee: Dagger            |    21 |       |       ||    21
       Mace              |    33 |    41 |       ||    74
       Trident           |       |    71 |    29 ||   100
 Cast: Sandblast         |    49 |    96 |     2 ||   147
       Stone Arrow       |       |    12 |    10 ||    22
  Use: Scroll            |     1 |       |       ||     1
 Stab: Sleeping          |     3 |       |     1 ||     4
  Eat: Chunk             |     3 |    10 |     2 ||    15
       Pizza             |       |       |     1 ||     1
Armor: Robe              |    42 |    81 |     9 ||   132
Dodge: Dodged            |    79 |   134 |    28 ||   241
